 Dungeon Crawl Stone Soup version 0.29.0-15-g675c0067aa (webtiles) character file.

Game seed: 9608917239804120413

2 qw the Sneak (level 1, 0/14 HPs)
             Began as a Gargoyle Delver on Sept 11, 2022.
             Slain by a howler monkey (2 damage)
             ... on level 4 of the Dungeon.
             The game lasted 00:00:03 (102 turns).

qw the Sneak (Gargoyle Delver)                       Turns: 102, Time: 00:00:03

Health: 0/14       AC:  5    Str: 15    XL:     1   Next: 30%
Magic:  1/1        EV: 11    Int: 10    God:
Gold:   36         SH:  0    Dex: 11    Spells: 0/0 levels left

rFire   . . .      SeeInvis .   a - +0 hand axe
rCold   . . .      Faith    .   (no shield)
rNeg    + . .      Spirit   .   b - +0 leather armour
rPois   inf        Reflect  .   (no helmet)
rElec   +          Harm     .   (no cloak)
rCorr   .          Rampage  .   (no gloves)
Will    .....                   (no boots)
Stlth   +++.......              (no amulet)
HPRegen 0.04/turn               (no ring)
MPRegen 0.07/turn               (no ring)

@: no status effects
A: sickness immunity, AC +2, negative energy resistance 1, electricity
resistance, torment resistance 1, petrification resistance
a: no special abilities


You were on level 4 of the Dungeon.
You visited 1 branch of the dungeon, and saw 2 of its levels.

You collected 36 gold pieces.


Innate Abilities, Weirdness & Mutations

You are immune to sickness and miasma.
Your stone body is resilient. (AC +2)
You are immune to poison.
You resist negative energy. (rN+)
You are resistant to electric shocks. (rElec)
You are resistant to unholy torment.
You are immune to petrification.


   Skills:
 - Level 3.2 Fighting
 + Level 2.0 Axes
 - Level 1.5 Dodging
 - Level 5.4 Stealth


You couldn't memorise any spells.
You didn't know any spells.
Your spell library was empty.

Inventory:

Hand Weapons
 a - a +0 hand axe (weapon)
Armour
 b - a +0 leather armour (worn)
Wands
 g - a wand of digging (3)
Potions
 f - a potion of haste
 h - a potion of magic {unknown}
 i - a potion of heal wounds {unknown}
 j - a potion of flight {unknown}
 k - a potion of might {unknown}

Dungeon Overview and Level Annotations

Branches:
Dungeon (5/15)
 Temple: D:4-7

Altars:


Message History

Your Axes skill increases to level 2!
You start resting.
An orc is nearby!
87 ||| FLEEEEING.
Things that are here:
a +0 dagger; an orc corpse
88 ||| FLEEEEING.
Found a hand axe.
An orc opens the door.
An orc priest comes into view. It is wielding a +0 long sword.
There is a stone staircase leading up here.
94 ||| STAIRDANCE You climb upwards.
The howler monkey howls!
Found 7 gold pieces.
Found a stone staircase leading down.
There is a stone staircase leading down here.
Existing waypoints: (2) D:5 Assign waypoint to what number? (0-9, D - delete waypoint) Waypoint 1 assigned to D:4.
You completely miss the howler monkey.
The howler monkey hoots and howls with incredible vigour!
You hear a shout! x4; You hear an angry hiss.
You hit the howler monkey.
The howler monkey is lightly wounded.
The howler monkey hits you. x2
You hit the howler monkey.
The howler monkey is heavily wounded.
The howler monkey hits you.
You closely miss the howler monkey.
The howler monkey is heavily wounded.
The howler monkey barely misses you.
You hit the howler monkey.
The howler monkey is severely wounded.
The howler monkey misses you.
The howler monkey hits you but does no damage.
You barely miss the howler monkey.
The howler monkey is severely wounded.
The howler monkey hits you.
You die...

... .. # .#
#.## #>#
#.#. ..#
...#..#
#...# #@#
#.h...#
#.....#
.........
###.$...###
#......
########


You could see a howler monkey.

Vanquished Creatures
  An orc (D:5)
1 creature vanquished.

Notes
Turn   | Place    | Note
-------+----------+-------------------------------------------
     0 | D:5      | qw the Gargoyle Delver began the quest for the Orb.
     0 | D:5      | Reached XP level 1. HP: 14/14 MP: 1/1
     0 | D:5      | 0 ||| qw: Version: 0.1-a-118-gb4e7ce6
     0 | D:5      | 0 ||| qw: Game counter: 10308
     0 | D:5      | 0 ||| qw: Always use a shield: true
     0 | D:5      | 0 ||| qw: God list: Okawaru
     0 | D:5      | 0 ||| qw: Allow faded altars: false
     0 | D:5      | 0 ||| qw: Do Orc after D:15 true
     0 | D:5      | 0 ||| qw: Do second Lair branch before Depths: true
     0 | D:5      | 0 ||| qw: Lair rune preference: random
     0 | D:5      | 0 ||| qw: Plans: Normal
     0 | D:5      | 0 ||| PLANNING D:1-11
    67 | D:5      | 67 ||| Stepping ~*~*~tactically~*~*~ (stealth).
    68 | D:5      | 68 ||| DROPPING scroll of fog.
    69 | D:5      | 69 ||| DROPPING scroll of magic mapping.
    70 | D:5      | 70 ||| DROPPING scroll of fear.
    87 | D:5      | 87 ||| FLEEEEING.
    88 | D:5      | 88 ||| FLEEEEING.
    93 | D:5      | Noticed an orc priest
    94 | D:5      | 94 ||| STAIRDANCE
    95 | D:4      | Noticed a howler monkey
    99 | D:4      | HP: 2/14 [howler monkey (5)]
   102 | D:4      | Slain by a howler monkey

Levels and vault maps discovered:
D:4:      layout_loops_ring, dk_yredelemnul_ordeal, uniq_blork_the_orc,
          uniq_robin
D:5:      layout_gridville, minmay_temple_entry_poolview,
          kennysheep_generic_room_5, uniq_pikel

Skill      XL: |  1 |
---------------+----+-----
Axes           | 2 |  2.0
Fighting       | |  3.2
Dodging        | |  1.5
Stealth        | |  5.4

Action                   || total
-------------------------++-------
Melee: Hand axe          ||     8
Armor: Leather armour    ||     1
Dodge: Dodged            ||     2

Table legend:
 A = Non-vault XP
 B = Vault XP
 C = Vault XP percentage of total XP
 D = Non-vault monster count
 E = Vault monster count
 F = Vault count percentage of total count
                 A         B        C        D         E       F
            +---------+---------+-------+---------+---------+-------
      Total |       3 |       0 |   0.0 |       1 |       0 |   0.0
            +---------+---------+-------+---------+---------+-------
        D:5 |       3 |       0 |   0.0 |       1 |       0 |   0.0
            +---------+---------+-------+---------+---------+-------
